 Dungeon Crawl Stone Soup version 0.30-a0-1163-gf69bf04e7a (webtiles) character file.

Game seed: 14907105352554061213

3227 Nedwor the Slicer (level 9, -1/69 HPs)
             Began as a Demonspawn Gladiator on Apr 28, 2023.
             Was a Priest of Uskayaw.
             Slain by a yak (3 damage)
             ... on level 8 of the Dungeon.
             The game lasted 00:12:18 (8077 turns).

Nedwor the Slicer (Demonspawn Gladiator)            Turns: 8077, Time: 00:12:20

Health: -1/69      AC: 36    Str: 23    XL:     9   Next: 66%
Magic:  4/10       EV:  9    Int: 10    God:    Uskayaw [***...]
Gold:   432        SH:  5    Dex: 15    Spells: 8/8 levels left

rFire   . . .        a - +1 rapier (protect)
rCold   . . .        l - orb {*Rage}
rNeg    . . .        G - +10 plate armour "Ganu Cyi" {Harm Str+5}
rPois   .            k - +2 hat
rElec   .            q - +0 cloak
rCorr   .            (no gloves)
SInv    .            (no boots)
Will    .....        w - amulet of reflection Stlth
                     g - +4 ring of slaying
HPRegen 0.31/turn    c - +4 ring of protection
MPRegen 0.24/turn

%: random rage (20%), harm (+30% outgoing, +20% incoming), reflection
@: under a protective aura, on berserk cooldown, slowed, very slow
A: hooves 1, powered by death 2, magic regeneration, demonic touch 1
a: Renounce Religion, Stomp, Line Pass


You were on level 8 of the Dungeon.
You worshipped Uskayaw.
Uskayaw was noncommittal.
You visited 2 branches of the dungeon, and saw 9 of its levels.

You collected 432 gold pieces.

Inventory:

Hand Weapons
 a - a +1 rapier of protection (weapon)
Missiles
 d - 3 throwing nets (quivered)
 e - a javelin
Armour
 i - a +0 chain mail
 k - a +2 hat (worn)
 l - an orb of wrath (worn)
 q - a +0 cloak (worn)
 G - the +10 plate armour "Ganu Cyi" (worn) {Harm Str+5}
   (You found it on level 8 of the Dungeon)

   Str:       It affects your strength (+5).
   Harm:      It increases damage dealt and taken.
Jewellery
 c - a +4 ring of protection (right hand)
 g - a +4 ring of slaying (left hand)
 s - an amulet of magic regeneration
 t - a ring of positive energy
 w - an amulet of reflection (around neck)
 D - an amulet of guardian spirit
Wands
 j - a wand of flame (16)
 y - a wand of mindburst (16)
Scrolls
 b - a scroll of brand weapon
 h - 2 scrolls of butterflies
 v - 3 scrolls of fear
 x - 2 scrolls of acquirement {unknown}
 z - a scroll of teleportation
 A - a scroll of enchant weapon
 C - a scroll of vulnerability {unknown}
 E - 2 scrolls of magic mapping {unknown}
 H - a scroll of amnesia
Potions
 f - 4 potions of curing
 m - a potion of magic {unknown}
 n - a potion of cancellation {unknown}
 o - 2 potions of might {unknown}
 p - 4 potions of heal wounds {unknown}
 r - 3 potions of degeneration {unknown}
 u - 2 potions of mutation {unknown}
 B - a potion of flight {unknown}
 F - 2 potions of attraction {unknown}


   Skills:
 + Level 6.3 Fighting
 * Level 8.4 Short Blades
 - Level 1.7 Throwing
 + Level 5.3 Armour
 + Level 6.1 Dodging
 + Level 2.3 Invocations


You had 8 spell levels left.
You didn't know any spells.
Your spell library contained the following spells:

 Spells                   Type           Power      Damage    Failure   Level
 Apportation              Tloc           0%         N/A       100%        1
 Necrotise                Necr           0%         1d4       100%        1
 Summon Small Mammal      Summ           0%         N/A       100%        1
 Ensorcelled Hibernation  Hex/Ice        0%         N/A       100%        2
 Passwall                 Tmut/Erth      0%         N/A       100%        2
 Summon Guardian Golem    Hex/Summ       0%         N/A       100%        3
 Swiftness                Air            0%         N/A       100%        3
 Orb of Destruction       Conj           0%         9d5       100%        7
 Spellforged Servitor     Conj/Summ      0%         N/A       100%        7


Dungeon Overview and Level Annotations

Branches:
Dungeon (8/15)             Temple (1/1) D:4
   Lair: D:8-11

Altars:
Ashenzari
Cheibriados
Dithmenos
Fedhas
Gozag
Hepliaklqana
Kikubaaqudgha
Makhleb
Nemelex Xobeh
Okawaru
Qazlal
Ru
Sif Muna
Trog
Uskayaw
Vehumet
Xom
Yredelemnul


Innate Abilities, Weirdness & Mutations

You have large cloven feet.
You regenerate health from kills.
You regenerate magic rapidly.
Your touch may inflict minor irresistible damage on your foes.


Message History

You feel better.
The yak seems less confused.
The yak closely misses you. The yak gores you but does no damage.
The yak barely misses you. x2
The yak gores you but does no damage.
You hit the yak.
Your weapon exudes an aura of protection.
You kick the yak.
The yak is severely wounded.
The yak barely misses you. The yak gores you but does no damage.
The yak gores you! The yak gores you. The yak barely misses you.
You hit the yak. You kick the yak.
The yak is severely wounded.
You block the yak's attack. The yak gores you but does no damage.
The yak closely misses you. You block the yak's attack.
The yak gores you but does no damage.
Uskayaw will force your foes to helplessly watch your dance.
Uskayaw prepares the audience for your solo!
The helpless yak fails to defend itself.
You impale the yak!! You kick the yak.
The yak is almost dead.
The yak is no longer paralysed. x3; You block the yak's attack.
The yak gores you but does no damage. x3; The yak gores you.
You block the yak's attack.
You completely miss the yak.
The yak is severely wounded.
The white imp is no longer paralysed.
The yak is no longer paralysed. x2
The yak gores you but does no damage. The yak closely misses you.
You block the yak's attack. The yak gores you!
The yak gores you but does no damage.
You closely miss the yak. The yak closely misses you.
The yak gores you but does no damage. x2; You block the yak's attack.
The yak gores you but does no damage.
Unknown command.
You hit the yak.
The yak is almost dead.
The yak gores you!
* * * LOW HITPOINT WARNING * * *
The yak gores you!
* * * LOW HITPOINT WARNING * * *
The yak gores you but does no damage. The yak gores you.
You die...

#..<.#
######....##
#..........#
#.##.......#
...........# #
..###.......# ..
###..)))..# Y..
##..YY.....#
..Y.###..5Y@.....#
...!......YY.....#
.......#.#.....(.#
....#†..#.......#
......)..#########
.####.....#
#$.##...# #.#
#..(.# #. ####.[.


You could see 5 yaks and a white imp.

Vanquished Creatures
  Joseph (D:8)
  A troll (D:5)
  Eustachio (D:4)
  A yak (D:8)
  A steam dragon (D:8)
  A wyvern (D:8)
  A sky beast (D:6)
  3 ice beasts
  An ogre (D:5)
  A phantom (D:6)
  3 centaurs
  4 bullfrogs (D:7)
  A gnoll sergeant (D:7)
  Blork the orc (D:4)
  4 scorpions
  A howler monkey (D:5)
  5 hounds
  A gnoll bouda (D:6)
  A jelly (D:6)
  A sleepcap (D:6)
  Ijyb (D:4)
  3 iguanas
  Natasha (thrice) (D:3)
  7 adders
  16 gnolls
  A shadow imp (D:5)
  4 white imps
  An ufetubus (D:5)
  4 worms
  A dart slug (D:2)
  22 orcs
  7 bats
  6 endoplasms
  2 giant cockroaches
  5 goblins
  5 hobgoblins
  4 jackals (D:1)
  3 quokkas
  8 ball pythons
  A frilled lizard (D:2)
  3 kobolds
  4 rats
145 creatures vanquished.

Notes
Turn   | Place    | Note
-------+----------+-------------------------------------------
     0 | D:1      | Nedwor the Demonspawn Gladiator began the quest for the
                  | Orb.
     0 | D:1      | Reached XP level 1. HP: 16/16 MP: 1/1
   278 | D:1      | Gained mutation: You regenerate a little health from kills.
                  | [demonic ancestry]
   278 | D:1      | Reached XP level 2. HP: 19/22 MP: 2/2
   371 | D:1      | Reached skill level 3 in Short Blades
  1055 | D:2      | Reached XP level 3. HP: 28/28 MP: 3/3
  1301 | D:2      | Reached skill level 1 in Armour
  1928 | D:3      | Gained mutation: You regenerate health from kills. [demonic
                  | ancestry]
  1928 | D:3      | Reached XP level 4. HP: 18/34 MP: 4/4
  2294 | D:3      | Found an iron altar of Okawaru.
  2536 | D:3      | Noticed Natasha
  2551 | D:3      | Killed Natasha
  2552 | D:3      | Discovered your monstrous ancestry.
  2552 | D:3      | Gained mutation: Your touch may inflict minor irresistible
                  | damage on your foes. [demonic ancestry]
  2552 | D:3      | Reached XP level 5. HP: 24/40 MP: 5/5
  2553 | D:3      | Noticed Natasha
  2559 | D:3      | Killed Natasha
  2560 | D:3      | Reached skill level 4 in Short Blades
  2620 | D:3      | Noticed Natasha
  2629 | D:3      | Killed Natasha
  2895 | D:3      | Gained mutation: You regenerate magic rapidly. [demonic
                  | ancestry]
  2895 | D:3      | Reached XP level 6. HP: 47/47 MP: 6/6
  2942 | D:4      | Noticed Ijyb
  2953 | D:4      | Killed Ijyb
  2994 | D:4      | Noticed Blork the orc
  3003 | D:4      | Killed Blork the orc
  3249 | D:4      | Noticed Eustachio
  3280 | D:4      | Killed Eustachio
  3281 | D:4      | Reached skill level 5 in Short Blades
  3281 | D:4      | Reached XP level 7. HP: 48/53 MP: 7/7
  3614 | D:4      | Found a staircase to the Ecumenical Temple.
  4303 | Temple   | Entered the Ecumenical Temple
  4374 | D:5      | Entered Level 5 of the Dungeon
  4613 | D:5      | Reached skill level 6 in Short Blades
  4613 | D:5      | Gained mutation: You have large cloven feet. [demonic
                  | ancestry]
  4613 | D:5      | Reached XP level 8. HP: 61/61 MP: 8/8
  4764 | D:5      | Found an opulent altar of Gozag.
  4862 | D:5      | Noticed a troll
  4868 | D:5      | Killed a troll
  4869 | D:5      | Reached skill level 5 in Fighting
  4869 | D:5      | Reached skill level 5 in Dodging
  4893 | D:5      | Found a hazy altar of Hepliaklqana.
  5192 | D:6      | Reached skill level 7 in Short Blades
  5842 | D:6      | Reached XP level 9. HP: 68/68 MP: 9/9
  7349 | D:7      | Found a stormy altar of Qazlal.
  7952 | D:7      | Found a hide-covered altar of Uskayaw.
  7952 | D:7      | Found a burning altar of Makhleb.
  7991 | D:7      | Became a worshipper of Uskayaw the Reveller
  8017 | D:8      | Identified the +10 plate armour "Ganu Cyi" {Harm Str+5}
  8033 | D:8      | Noticed Joseph
  8036 | D:8      | Reached * piety under Uskayaw
  8037 | D:8      | Reached ** piety under Uskayaw
  8040 | D:8      | Reached skill level 8 in Short Blades
  8040 | D:8      | Reached skill level 5 in Armour
  8042 | D:8      | Reached *** piety under Uskayaw
  8044 | D:8      | Reached **** piety under Uskayaw
  8045 | D:8      | Reached skill level 1 in Invocations
  8045 | D:8      | Killed Joseph
  8077 | D:8      | HP: 2/69 [yak (13)]
  8077 | D:8      | Slain by a yak

Illustrated notes

Levels and vault maps discovered:
D:1:      nzn_arrival_settlement, layout_loops_ring, minivault_5
D:2:      layout_loops_ring
D:3:      layout_basic, okawaru_metal_pillars_1_2, minmay_divided_ellipse,
          uniq_natasha
D:4:      cheibrodos_barr_body, layout_gridville, temple_doors_ab,
          uniq_eustachio, uniq_ijyb, uniq_blork_the_orc
D:5:      layout_rooms, worldfamousw_hep_ancestral_shrine,
          gammafunk_temple_overflow_statue, hex_tiny
D:6:      layout_basic, kennysheep_small_square
D:7:      layout_cave_pools, grunt_qazlal_clouds,
          gammafunk_temple_overflow_elements
D:8:      layout_rooms, david_lair_shrubbed, minmay_misc_feat_alley,
          minivault_26, uniq_joseph
Temple:   nicolae_temple_ecumenical_triangle

Skill      XL: |  1  2  3  4  5  6  7  8  9 |
---------------+----------------------------+-----
Short Blades   | 3 4 5 6 7 8 |  8.4
Armour         | 1 2 3 4 5 |  5.3
Dodging        | 3 4 5 6 |  6.1
Fighting       | 3 4 5 6 |  6.3
Invocations    | 2 |  2.3
Throwing       | |  1.7

Action                     |  1- 3 |  4- 6 |  7- 9 || total
---------------------------+-------+-------+-------++-------
  Melee: Rapier            |    88 |   153 |   259 ||   500
         Punch             |     1 |       |       ||     1
         Touch             |       |    14 |     4 ||    18
         Kick              |       |       |    53 ||    53
 Invoke: Line Pass         |       |       |     2 ||     2
    Use: Scroll            |     8 |     1 |     4 ||    13
         Potion            |     1 |     1 |     1 ||     3
   Stab: Paralysed         |       |       |     3 ||     3
 Armour: Scale mail        |    38 |    84 |       ||   122
         Chain mail        |       |       |   141 ||   141
         Plate armour      |       |       |    43 ||    43
  Dodge: Dodged            |    37 |    71 |   101 ||   209
  Block: Orb               |       |       |    31 ||    31

Table legend: (Time is in decaauts)
 A = Elapsed time spent in this place.
 B = Non-inter-level travel time spent in this place.
 C = Inter-level travel time spent in this place.
 D = Time resting spent in this place.
 E = Time spent auto-exploring this place.
 F = Levels seen in this place.
 G = Mean time per level.
                   A        B        C        D        E       F      G
               +--------+--------+--------+--------+--------+-----+--------+
         Total |   8317 |   8022 |    295 |   2842 |   4012 |   9 |  924.1 |
       Dungeon |   8270 |   7981 |    289 |   2842 |   4012 |   8 | 1033.8 |
        Temple |     46 |     41 |      5 |      0 |      0 |   1 |   46.0 |
               +--------+--------+--------+--------+--------+-----+--------+

Top non-repeatable levels by time:
     D:7: 1970 daAuts
     D:3: 1460 daAuts
     D:4: 1373 daAuts
     D:6: 1200 daAuts
     D:1: 936 daAuts
     D:5: 654 daAuts
     D:2: 600 daAuts
     D:8: 74 daAuts
  Temple: 46 daAuts
